AoeStats
← TIMVP

Arena

510203425Analyzed
2v2 RM · 2d ago on Sep 29, 2026· 38m 12s· 4 players
Game mode
Random Map
Map size
Medium (4 player)
Population
200
Speed
Normal
Resources
Standard
Victory
Conquest
Starting age
Dark Age
Ending age
Imperial Age
RankedLock teamsTeams togetherTeam positionsShared explorationLock speedFull tech treeHidden civsTurbo modeCheats
Victory
Defeat
🇵🇪 Romans · Peru
700
+12
🇵🇪 Goths · Peru
687
+13
🇺🇸 Chinese · United States
635
-13
🇺🇸 Franks · United States
608
-12
Kenshin Brown
0:43 Loom
10:16 Feudal Age
10:54 Double-Bit Axe
11:15 Horse Collar
17:58 Castle Age
17:21 Fletching
17:34 Scale Mail Armor
17:37 Padded Archer Armor
19:52 Wheelbarrow
21:42 Hand Cart
24:53 Bodkin Arrow
25:09 Forging
25:15 Chain Mail Armor
28:40 Bow Saw
29:48 Ballistics
29:56 Masonry
33:47 Imperial Age
33:50 Man-at-Arms
34:31 Squires
34:17 Arson
35:06 Conscription
35:11 Long Swordsman
37:48 Two-Handed Swordsman
EL Loodo
12:18 Loom
15:20 Feudal Age
16:59 Double-Bit Axe
21:45 Castle Age
20:43 Gold Mining
27:37 Imperial Age
26:27 Wheelbarrow
28:32 Bow Saw
31:20 Hand Cart
33:31 Chivalry
35:14 Gambesons
34:52 Man-at-Arms
35:07 Cavalier
TIMVP
11:18 Feudal Age
13:26 Man-at-Arms
15:47 Loom
17:09 Wheelbarrow
19:56 Castle Age
18:16 Horse Collar
19:40 Double-Bit Axe
19:52 Gold Mining
21:38 Man-at-Arms
21:46 Man-at-Arms
25:29 Bow Saw
25:27 Heavy Plow
32:12 Imperial Age
32:13 Ballistics
33:17 Conscription
33:08 Ballistas
33:47 Long Swordsman
35:56 Crop Rotation
35:51 Scale Mail Armor
36:02 Forging
36:21 Pikeman
37:02 Squires
A†ilA
11:32 Feudal Age
13:09 Wheelbarrow
17:34 Castle Age
18:09 Double-Bit Axe
19:56 Forging
19:46 Scale Mail Armor
20:22 Squires
20:47 Pikeman
23:05 Hand Cart
24:07 Horse Collar
24:40 Bow Saw
25:35 Fletching
31:44 Iron Casting
31:25 Chain Mail Armor
36:02 Heavy Plow
39:47 Imperial Age
Connection lost

Rejoining the realm…

Still unreachable

The connection could not be restored.

Session expired

The server has moved on; the page needs a fresh start.